[ AOE2 MATCH · #506448468 ]
UnrankedMongols vs Italians
Player's team · WIN
Rival team · LOSS
[ REPLAY ANALYSIS · EXTRACTED FROM THE RECORDED GAME ]
Feudal
13:39
Castle
21:49
Imperial
—
| APM avg | 60.0 |
| APM peak | 102 |
| eAPM avg | 22.4 |
| Villagers / military | 46 / 25 |
Focus
⚔️ 35.4% · 🌾 64.6%
Archer ×14 · Mangudai ×11 · Fishing Ship ×8 · Unknown (2626) ×2
Feudal
13:38
Castle
20:01
Imperial
—
| APM avg | 41.8 |
| APM peak | 66 |
| eAPM avg | 22.9 |
| Villagers / military | 61 / 6 |
Focus
⚔️ 27.4% · 🌾 72.6%
Fishing Ship ×9 · Unknown (2626) ×5 · Mangonel ×4 · Scorpion ×1 · Battering Ram ×1
Match map
Initial resources + every placement click. Lines = walls · curves = elevation contours. ◆ gold · ⬟ stone · ● berries · ✦ relic · ◌ wall gap
Your base· Open — 13t gap
DS_MD's base· Open — unwalled flank
Smoothed initial terrain · ◌ = detected wall gap · hover for details
Inputs per minute
— TdB.holland89 - - DS_MD
Build order — TdB.holland89
First 150 of 151 actions detected
| 0:28 | Build | Town Center |
| 0:39 | Build | House |
| 2:01 | Build | Dock |
| 2:28 | Queue | Villager (Male) |
| 2:29 | Queue | Villager (Male) |
| 2:29 | Queue | Villager (Male) |
| 2:29 | Queue | Villager (Male) |
| 2:29 | Queue | Villager (Male) |
| 3:29 | Queue | Fishing Ship |
| 4:02 | Research | Loom |
| 4:07 | Build | House |
| 4:48 | Queue | Fishing Ship |
| 4:59 | Build | Palisade Wall |
| 5:10 | Build | Palisade Wall |
| 5:13 | Build | Palisade Wall |
| 5:24 | Build | Palisade Wall |
| 5:29 | Queue | Fishing Ship |
| 5:38 | Queue | Fishing Ship |
| 5:39 | Queue | Fishing Ship |
| 6:21 | Build | Palisade Wall |
| 6:33 | Queue | Villager (Male) |
| 6:47 | Queue | Fishing Ship |
| 6:54 | Build | House |
| 7:19 | Queue | Fishing Ship |
| 7:20 | Queue | Villager (Male) |
| 7:53 | Queue | Villager (Male) |
| 7:53 | Queue | Villager (Male) |
| 7:55 | Queue | Fishing Ship |
| 8:21 | Queue | Villager (Male) |
| 8:23 | Queue | Villager (Male) |
| 8:30 | Queue | Villager (Male) |
| 8:50 | Build | House |
| 9:24 | Queue | Villager (Male) |
| 9:37 | Queue | Villager (Male) |
| 9:47 | Queue | Villager (Male) |
| 9:53 | Queue | Villager (Male) |
| 10:08 | Queue | Villager (Male) |
| 10:23 | Build | Dock |
| 10:24 | Build | House |
| 10:28 | Build | House |
| 10:52 | Queue | Villager (Male) |
| 11:06 | Build | Lumber Camp |
| 11:29 | Research | Feudal Age |
| 12:19 | Queue | Villager (Male) |
| 12:23 | Build | House |
| 12:37 | Queue | Villager (Male) |
| 12:53 | Build | Barracks |
| 13:27 | Build | Mining Camp |
| 13:29 | Queue | Villager (Male) |
| 13:39 | Age | Feudal Age |
| 13:49 | Build | Palisade Wall |
| 13:49 | Build | Palisade Wall |
| 13:51 | Build | Palisade Wall |
| 14:00 | Build | Outpost |
| 14:01 | Queue | Villager (Male) |
| 14:03 | Research | Double-Bit Axe |
| 14:19 | Build | Palisade Wall |
| 14:25 | Build | Palisade Wall |
| 14:30 | Build | Palisade Wall |
| 14:37 | Build | Palisade Wall |
| 14:39 | Build | Palisade Wall |
| 14:40 | Build | Palisade Wall |
| 14:42 | Build | Palisade Wall |
| 14:46 | Build | Outpost |
| 14:47 | Queue | Villager (Male) |
| 14:52 | Build | Archery Range |
| 14:59 | Queue | Villager (Male) |
| 15:15 | Research | Town Watch |
| 15:16 | Queue | Villager (Male) |
| 15:28 | Build | Palisade Wall |
| 15:30 | Build | Palisade Wall |
| 15:34 | Queue | Villager (Male) |
| 15:37 | Research | Tech 906 |
| 15:37 | Research | Tech 906 |
| 15:43 | Queue | Villager (Male) |
| 15:48 | Build | Blacksmith |
| 15:50 | Queue | Archer |
| 15:50 | Queue | Archer |
| 16:18 | Queue | Archer |
| 16:19 | Queue | Villager (Male) |
| 16:20 | Queue | Villager (Male) |
| 16:50 | Queue | Archer |
| 16:55 | Build | Palisade Wall |
| 16:57 | Build | Palisade Wall |
| 17:25 | Queue | Unit 2626 |
| 17:25 | Queue | Unit 2626 |
| 18:11 | Build | Archery Range |
| 18:17 | Build | Mill |
| 19:09 | Research | Castle Age |
| 19:09 | Research | Castle Age |
| 19:15 | Queue | Archer |
| 19:15 | Queue | Archer |
| 19:19 | Build | Outpost |
| 19:24 | Queue | Archer |
| 19:24 | Queue | Archer |
| 19:52 | Queue | Archer |
| 19:52 | Queue | Archer |
| 19:55 | Build | Mining Camp |
| 20:03 | Build | Market |
| 20:08 | Queue | Archer |
| 20:08 | Queue | Archer |
| 20:14 | Build | House |
| 20:16 | Build | House |
| 20:48 | Build | Outpost |
| 20:51 | Queue | Archer |
| 20:51 | Queue | Archer |
| 21:49 | Age | Castle Age |
| 21:53 | Research | Crossbowman (upgrade) |
| 21:53 | Research | Crossbowman (upgrade) |
| 22:09 | Research | Fletching |
| 22:13 | Build | Outpost |
| 22:17 | Build | Outpost |
| 22:19 | Queue | Villager (Male) |
| 23:03 | Build | House |
| 23:24 | Queue | Villager (Male) |
| 23:24 | Queue | Villager (Male) |
| 23:46 | Build | House |
| 24:38 | Build | Castle |
| 25:09 | Queue | Villager (Male) |
| 25:14 | Queue | Villager (Male) |
| 25:15 | Queue | Villager (Male) |
| 25:28 | Queue | Mangudai |
| 25:28 | Queue | Mangudai |
| 25:30 | Build | Mining Camp |
| 25:39 | Queue | Mangudai |
| 25:39 | Queue | Mangudai |
| 25:40 | Queue | Villager (Male) |
| 25:40 | Queue | Villager (Male) |
| 25:40 | Queue | Villager (Male) |
| 26:08 | Queue | Mangudai |
| 26:09 | Queue | Mangudai |
| 26:10 | Queue | Villager (Male) |
| 26:10 | Queue | Villager (Male) |
| 26:54 | Queue | Villager (Male) |
| 26:56 | Build | Farm |
| 26:58 | Build | Farm |
| 27:26 | Research | Bodkin Arrow |
| 27:27 | Research | Bodkin Arrow |
| 27:46 | Queue | Mangudai |
| 28:31 | Queue | Mangudai |
| 28:32 | Queue | Villager (Male) |
| 28:35 | Queue | Villager (Male) |
| 28:38 | Build | Farm |
| 28:52 | Queue | Villager (Male) |
| 29:17 | Queue | Mangudai |
| 29:17 | Queue | Mangudai |
| 29:26 | Build | Castle |
| 29:52 | Queue | Villager (Male) |
| 29:54 | Queue | Villager (Male) |
| 30:01 | Build | Siege Workshop |
Build order — DS_MD
133 actions detected in the replay
| 0:15 | Build | Town Center |
| 1:17 | Build | Town Center |
| 2:31 | Build | House |
| 3:19 | Queue | Villager (Male) |
| 3:19 | Queue | Villager (Male) |
| 3:20 | Queue | Villager (Male) |
| 3:20 | Queue | Villager (Male) |
| 3:20 | Queue | Villager (Male) |
| 3:43 | Research | Loom |
| 4:39 | Research | Loom |
| 4:53 | Queue | Villager (Male) |
| 5:46 | Queue | Villager (Male) |
| 6:00 | Build | House |
| 6:15 | Queue | Villager (Male) |
| 6:15 | Queue | Villager (Male) |
| 7:01 | Build | Dock |
| 7:06 | Build | Mill |
| 7:17 | Queue | Villager (Male) |
| 7:54 | Queue | Fishing Ship |
| 7:56 | Build | House |
| 8:00 | Queue | Villager (Male) |
| 8:11 | Queue | Villager (Male) |
| 8:11 | Queue | Villager (Male) |
| 8:42 | Queue | Villager (Male) |
| 8:42 | Queue | Villager (Male) |
| 8:59 | Build | House |
| 9:04 | Queue | Villager (Male) |
| 9:38 | Queue | Villager (Male) |
| 10:11 | Build | Mining Camp |
| 10:14 | Queue | Villager (Male) |
| 11:03 | Queue | Villager (Male) |
| 11:24 | Research | Feudal Age |
| 12:40 | Queue | Fishing Ship |
| 13:38 | Age | Feudal Age |
| 13:40 | Build | Market |
| 13:41 | Queue | Villager (Male) |
| 13:42 | Queue | Villager (Male) |
| 14:21 | Build | Palisade Wall |
| 14:34 | Queue | Villager (Male) |
| 14:37 | Build | Blacksmith |
| 14:45 | Build | Palisade Wall |
| 14:48 | Build | Palisade Wall |
| 14:50 | Build | Palisade Wall |
| 14:51 | Build | Palisade Wall |
| 14:52 | Build | Palisade Wall |
| 14:54 | Build | Palisade Wall |
| 14:59 | Build | Palisade Wall |
| 15:00 | Build | Palisade Wall |
| 15:01 | Queue | Villager (Male) |
| 15:13 | Build | House |
| 15:14 | Build | Palisade Wall |
| 15:17 | Build | House |
| 15:19 | Build | House |
| 15:35 | Queue | Villager (Male) |
| 15:36 | Queue | Villager (Male) |
| 15:59 | Queue | Unit 2626 |
| 16:27 | Queue | Villager (Male) |
| 16:44 | Build | Palisade Wall |
| 16:49 | Build | Palisade Wall |
| 16:50 | Build | Palisade Wall |
| 16:51 | Build | Palisade Wall |
| 16:54 | Queue | Villager (Male) |
| 16:56 | Queue | Unit 2626 |
| 17:20 | Research | Castle Age |
| 17:33 | Queue | Unit 2626 |
| 17:58 | Build | House |
| 18:02 | Build | Barracks |
| 18:05 | Build | House |
| 18:06 | Build | Palisade Wall |
| 18:48 | Build | House |
| 18:50 | Build | Palisade Wall |
| 19:00 | Queue | Unit 2626 |
| 19:39 | Build | House |
| 19:54 | Queue | Villager (Male) |
| 20:01 | Age | Castle Age |
| 20:07 | Research | War Galley (upgrade) |
| 20:13 | Build | Siege Workshop |
| 20:28 | Build | Siege Workshop |
| 20:28 | Queue | Villager (Male) |
| 20:29 | Queue | Villager (Male) |
| 20:29 | Queue | Villager (Male) |
| 20:43 | Build | Town Center |
| 21:08 | Queue | Unit 2626 |
| 21:09 | Queue | Villager (Male) |
| 21:10 | Queue | Villager (Male) |
| 21:20 | Queue | Villager (Male) |
| 21:20 | Queue | Villager (Male) |
| 21:47 | Queue | Villager (Male) |
| 21:47 | Queue | Villager (Male) |
| 21:50 | Queue | Scorpion |
| 22:04 | Queue | Villager (Male) |
| 22:17 | Queue | Mangonel |
| 22:23 | Build | Town Center |
| 22:27 | Queue | Villager (Male) |
| 22:45 | Queue | Mangonel |
| 22:45 | Queue | Villager (Male) |
| 22:46 | Queue | Villager (Male) |
| 23:06 | Queue | Villager (Male) |
| 23:21 | Queue | Villager (Male) |
| 23:25 | Queue | Fishing Ship ×2 |
| 23:41 | Queue | Villager (Male) |
| 23:49 | Queue | Villager (Male) |
| 24:00 | Queue | Villager (Male) |
| 24:04 | Queue | Villager (Male) |
| 24:12 | Queue | Mangonel |
| 24:25 | Queue | Villager (Male) |
| 24:38 | Queue | Villager (Male) |
| 24:38 | Queue | Villager (Male) |
| 25:11 | Build | Mining Camp |
| 25:13 | Queue | Villager (Male) |
| 25:36 | Queue | Villager (Male) |
| 25:37 | Queue | Villager (Male) |
| 25:43 | Build | House |
| 25:45 | Queue | Villager (Male) |
| 25:57 | Queue | Villager (Male) |
| 25:57 | Queue | Villager (Male) |
| 26:41 | Queue | Villager (Male) |
| 26:46 | Build | Lumber Camp |
| 26:49 | Queue | Villager (Male) |
| 26:49 | Queue | Villager (Male) |
| 27:01 | Build | Castle |
| 27:08 | Queue | Battering Ram |
| 27:14 | Build | House |
| 27:15 | Build | Palisade Wall |
| 27:47 | Build | Dock |
| 28:41 | Queue | Villager (Male) |
| 28:41 | Queue | Villager (Male) |
| 28:43 | Queue | Fishing Ship ×5 |
| 29:13 | Queue | Mangonel |
| 29:37 | Build | House |
| 29:53 | Build | Town Center |
| 30:05 | Build | Watch Tower |
| 30:39 | Build | Watch Tower |
Match timeline
| 2:01 | TdB.holland89 · first_building Dock |
| 4:59 | TdB.holland89 · wall_segment Palisade Wall x1 |
| 5:10 | TdB.holland89 · wall_segment Palisade Wall x1 |
| 5:13 | TdB.holland89 · wall_segment Palisade Wall x1 |
| 5:24 | TdB.holland89 · wall_segment Palisade Wall x1 |
| 6:21 | TdB.holland89 · wall_segment Palisade Wall x1 |
| 7:01 | DS_MD · first_building Dock |
| 12:53 | TdB.holland89 · first_building Barracks |
| 13:38 | DS_MD · age_up feudal |
| 13:39 | TdB.holland89 · age_up feudal |
| 13:49 | TdB.holland89 · wall_segment Palisade Wall x1 |
| 13:49 | TdB.holland89 · wall_segment Palisade Wall x1 |
| 13:51 | TdB.holland89 · wall_segment Palisade Wall x1 |
| 14:19 | TdB.holland89 · wall_segment Palisade Wall x1 |
| 14:21 | DS_MD · wall_segment Palisade Wall x1 |
| 14:25 | TdB.holland89 · wall_segment Palisade Wall x1 |
| 14:30 | TdB.holland89 · wall_segment Palisade Wall x1 |
| 14:37 | TdB.holland89 · wall_segment Palisade Wall x1 |
| 14:39 | TdB.holland89 · wall_segment Palisade Wall x1 |
| 14:40 | TdB.holland89 · wall_segment Palisade Wall x1 |
| 14:42 | TdB.holland89 · wall_segment Palisade Wall x1 |
| 14:45 | DS_MD · wall_segment Palisade Wall x1 |
| 14:48 | DS_MD · wall_segment Palisade Wall x1 |
| 14:50 | DS_MD · wall_segment Palisade Wall x1 |
| 14:51 | DS_MD · wall_segment Palisade Wall x1 |
| 14:52 | DS_MD · wall_segment Palisade Wall x1 |
| 14:52 | TdB.holland89 · first_building Archery Range |
| 14:54 | DS_MD · wall_segment Palisade Wall x1 |
| 14:59 | DS_MD · wall_segment Palisade Wall x2 |
| 15:00 | DS_MD · wall_segment Palisade Wall x1 |
| 15:14 | DS_MD · wall_segment Palisade Wall x1 |
| 15:28 | TdB.holland89 · wall_segment Palisade Wall x1 |
| 15:30 | TdB.holland89 · wall_segment Palisade Wall x1 |
| 16:44 | DS_MD · wall_segment Palisade Wall x1 |
| 16:49 | DS_MD · wall_segment Palisade Wall x1 |
| 16:50 | DS_MD · wall_segment Palisade Wall x1 |
| 16:51 | DS_MD · wall_segment Palisade Wall x1 |
| 16:55 | TdB.holland89 · wall_segment Palisade Wall x1 |
| 16:57 | TdB.holland89 · wall_segment Palisade Wall x1 |
| 18:02 | DS_MD · first_building Barracks |
| 18:06 | DS_MD · wall_segment Palisade Wall x1 |
| 18:50 | DS_MD · wall_segment Palisade Wall x7 |
| 20:01 | DS_MD · age_up castle |
| 20:13 | DS_MD · first_building Siege Workshop |
| 20:40 | DS_MD · first_market_sell 100 food |
| 20:41 | DS_MD · first_market_buy 100 wood |
| 21:15 | TdB.holland89 · first_market_sell 100 wood |
| 21:49 | TdB.holland89 · age_up castle |
| 22:08 | TdB.holland89 · first_market_buy 100 food |
| 24:38 | TdB.holland89 · first_building Castle |
| 27:01 | DS_MD · first_building Castle |
| 27:15 | DS_MD · wall_segment Palisade Wall x1 |
| 30:01 | TdB.holland89 · first_building Siege Workshop |
| 31:08 | DS_MD · resign |
[ AI ANALYSIS · 1 CREDIT ]
What really happened in this match?
Wolo.gg analyzes every decision: build order, eco, micro, common mistakes by bracket. Personalized analysis on WhatsApp or Discord in 30 seconds.
Civ guide
Mongols
Perfil
Jugador #236788